AoeStats
← BenJames

Arabia

509018589Analyzed
2v2 RM · 6d ago on Sep 25, 2026· 43m 5s· 4 players
Game mode
Random Map
Map size
Medium (4 player)
Population
200
Speed
Normal
Resources
Standard
Victory
Conquest
Starting age
Dark Age
Ending age
Imperial Age
RankedLock teamsTeams togetherTeam positionsShared explorationLock speedFull tech treeHidden civsTurbo modeCheats
Victory
Defeat
🇨🇴 Magyars · Colombia
1008
+15
🇨🇳 Franks · China
980
+17
🇨🇴 Spanish · Colombia
1035
-18
🇨🇴 Saxons · Colombia
951
-14
1169656596
10:00 Feudal Age
10:22 Loom
20:16 Castle Age
25:57 Double-Bit Axe
27:12 Pikeman
27:52 Squires
29:10 Forging
31:15 Arson
33:12 Bow Saw
37:10 Iron Casting
36:38 Scale Mail Armor
39:25 Wheelbarrow
38:46 Gold Mining
39:45 Town Watch
39:58 Fletching
40:24 Hand Cart
43:31 Gold Shaft Mining
45:32 Imperial Age
43:03 Town Patrol
BenJames
7:39 Loom
9:36 Feudal Age
10:22 Double-Bit Axe
10:16 Man-at-Arms
20:31 Castle Age
20:30 Scale Barding Armor
20:16 Fletching
20:11 Horse Collar
20:23 Gold Mining
22:06 Bloodlines
24:57 Wheelbarrow
25:12 Chain Barding Armor
30:20 Hand Cart
31:42 Bodkin Arrow
32:52 Husbandry
41:33 Imperial Age
38:40 Elite Skirmisher
39:24 Padded Archer Armor
41:38 Cavalier
43:45 Chemistry
43:32 Gold Shaft Mining
matemusician
9:19 Loom
11:22 Feudal Age
12:40 Double-Bit Axe
15:53 Fletching
21:34 Wheelbarrow
21:16 Horse Collar
23:57 Castle Age
21:52 Stone Mining
22:22 Scale Mail Armor
24:18 Forging
25:48 Bodkin Arrow
30:36 Chain Mail Armor
30:48 Squires
31:46 Bow Saw
36:07 Pikeman
42:58 Imperial Age
41:30 Iron Casting
Mauricio5555
6:33 Loom
11:27 Feudal Age
16:17 Scale Barding Armor
19:35 Padded Archer Armor
22:22 Castle Age
21:00 Fletching
21:16 Gold Mining
21:34 Double-Bit Axe
25:57 Forging
30:10 Iron Casting
29:29 Horse Collar
Connection lost

Rejoining the realm…

Still unreachable

The connection could not be restored.

Session expired

The server has moved on; the page needs a fresh start.